[Event "*** Titled Tuesday Blitz"]
[Site "Chess.com"]
[Date "2019.06.04"]
[Round "10"]
[White "toog"]
[Black "VeraNebolsina"]
[Result "0-1"]
[WhiteElo "2329"]
[BlackElo "2372"]
[TimeControl "180+2"]
[EndTime "15:22:09 PDT"]
[Termination "VeraNebolsina won by resignation"]

1. e4 g6 2. d4 Bg7 3. Nc3 d6 4. Be2 a6 5. Be3 b5 6. a3 Nd7 7. h4 h6 8. f4 e5 9. Nf3 Ngf6 10. fxe5 Ng4 11. Qd2 Nxe3 12. Qxe3 dxe5 13. h5 Bb7 14. hxg6 fxg6 15. O-O-O Qe7 16. d5 h5 17. Kb1 Bh6 18.
Qf2 O-O-O 19. Nh4 Rhg8 20. g4 hxg4 21. Bxg4 Kb8 22. Nf3 Bf4 23. Be6 Rh8 24. Ne2 Nc5 25.
Nxf4 exf4 26. Nd4 Rxh1 27. Rxh1 Nxe4 28. Qxf4 Nf6 29. Qe5 Nxd5 30. Re1 Qd6 31. Qxd6 Rxd6 32. Bf7 Nf4 33. Nb3 g5 34. Nc5 g4 35. Rf1 g3 36. Rxf4 g2 37. Rg4 Rd1+ 38. Ka2 g1=Q 39. Rxg1 Rxg1 40. b4 Ka7 41. Bb3 Kb6 42. a4 a5 43. c3 axb4 44. cxb4 bxa4 45. Bxa4 Bd5+ 46. Ka3 Ra1+ 47. Kb2 Ra2+ 48. Kc3 c6 49. Bb3 Rh2 50. Bxd5 cxd5 51. Kd4 Kc6 52. Nd3 Rh4+ 53. Kc3 Kb5 54. Kb3 Rh3 55. Kc3 Rh4 56. Kb3 d4 57.
Kc2 Rh2+ 58. Kb3 Rh3 59. Kc2 Kc4 60. Ne5+ Kxb4 61. Kd2 Kc5 62. Nd3+ Kc4 63. Ne5+ Kd5 64. Nd3 Rh2+ 65. Kd1 Kc4 66. Ne5+ Kc3 67. Nf3 Rh1+ 68. Ke2 d3+ 69. Ke3 Rh3 70. Kf2 Rxf3+ 71. Kxf3 d2 72.
Ke2 Kc2 0-1

[Event "*** Titled Tuesday Blitz"]
[Site "Chess.com"]
[Date "2019.06.04"]
[Round "10"]
[White "Vamostodorecto"]
[Black "albi1999"]
[Result "1/2-1/2"]
[WhiteElo "2427"]
[BlackElo "2440"]
[TimeControl "180+2"]
[EndTime "15:22:37 PDT"]
[Termination "Game drawn - insufficient material"]

1. d4 d5 2. c4 e6 3. Nc3 Nf6 4. cxd5 Nxd5 5. e4 Nxc3 6. bxc3 c5 7. Rb1 Be7 8. Nf3 O-O 9. Be2 b6 10. O-O Bb7 11. e5 Nc6 12. Be3 cxd4 13. cxd4 Nb4 14. Nd2 Nxa2 15. Qc2 Nb4 16. Qa4 Nd5 17. Ba6 Nc3 18. Qa1 Bxa6 19. Qxc3 Bxf1 20. Rxf1 Qd5 21. f4 Rfc8 22. Qd3 g6 23. g4 Bb4 24. Ne4 Be7 25. f5 Qc4 26. Qd1 gxf5 27. gxf5 Kh8 28. f6 Rg8+ 29. Ng5 Qc3 30. Kf2 Qb2+ 31. Qe2 Qxe2+ 32. Kxe2 Rxg5 33. Bxg5 Bf8 34. Rc1 a5 35. Rc7 Kg8 36. Rb7 a4 37. Rxb6 a3 38. Rb1 Bb4 39. Bd2 a2 40. Rg1+ Kh8 41. Ra1 Bf8 42. Bc3 h5 43. Kd3 Kh7 44. Kc2 Kg6 45. Kb3 Ra3+ 46.
Kb2 Kf5 47. Rxa2 Rxa2+ 48. Kxa2 Kg4 49. Bd2 Kf3 50. Kb3 h4 51. Kc4 h3 52. Be1 Bh6 53.
Bg3 Ke4 54. Bf2 Bf4 55. Bg1 Kf3 56. Kc5 Kg2 57. d5 exd5 58. e6 fxe6 59. f7 Bh6 60. Be3 Bf8+ 61. Kc6 Kxh2 62. Kd7 Kg3 63. Ke8 Ba3 64. Bc1 Bd6 65. Kd7 Bf8 66. Ke8 h2 67. Kxf8 h1=Q 68. Ba3 Qa1 69. Bd6+ Kg4 70. Ke7 Qg7 71. Kxe6 d4 72. f8=Q Qxf8 73. Bxf8 d3 74. Bb4 Kf3 75. Kd5 Ke2 76. Kc4 d2 77. Bxd2 1/2-1/2

[Event "*** Titled Tuesday Blitz"]
[Site "Chess.com"]
[Date "2019.06.04"]
[Round "10"]
[White "kintoho"]
[Black "Babas"]
[Result "0-1"]
[WhiteElo "2529"]
[BlackElo "2408"]
[TimeControl "180+2"]
[EndTime "15:22:43 PDT"]
[Termination "Babas won by resignation"]

1. e4 e5 2. Nf3 Nf6 3. Nxe5 d6 4. Nf3 Nxe4 5. d3 Nf6 6. d4 Be7 7. c4 O-O 8. Nc3 Re8 9. Bd3 c6 10. O-O Bg4 11. h3 Bh5 12. Be3 Nbd7 13. Re1 Bg6 14.
Bxg6 hxg6 15. Ng5 Nb6 16. b3 d5 17. c5 Nbd7 18. h4 Nf8 19. Qf3 Qd7 20. Bf4 Qg4 21.
Qxg4 Nxg4 22. Nf3 Bf6 23. b4 Ne6 24. Be3 Nxe3 25. fxe3 g5 26. g3 g4 27. Ne5 Bxe5 28. dxe5 Nf8 29. e4 d4 30. Ne2 Rad8 31. Rad1 d3 32.
Nf4 d2 33. Re2 Rxe5 34. Rexd2 Rxd2 35. Rxd2 Rxe4 36. Rd8 Rxb4 37. Nd3 Rb1+ 38. Kf2 f6 39. Ra8 a6 40. h5 Rh1 41. Nf4 Rh2+ 42. Ke3 Kf7 43.
Rb8 Rb2 44. Rd8 Rxa2 45. Rc8 Ra3+ 46. Ke4 Ne6 47. Nxe6 Kxe6 48. Rc7 Rxg3 49. Rxg7 f5+ 50.
Kf4 Rh3 51. Rg6+ Kf7 52. Rg5 Rf3+ 53. Ke5 g3 54. h6 f4 55. Rg7+ Kf8 56. Rg4 Rf2 57. h7 Rh2 58. Rxf4+ Ke7 59. Rg4 Rh5+ 60. Kd4 Rxh7 61. Rxg3 Kd7 62. Rg4 Kc7 63. Kc4 Rd7 64.
Rh4 Kb8 65. Rg4 Ka7 66. Kb4 Rd1 67. Rg5 Rb1+ 68. Ka4 Rb5 69. Rh5 a5 70. Rg5 Ka6 71.
Rg8 Rxc5 72. Ra8+ Kb6 73. Kb3 Rh5 74. Rf8 Kb5 75. Rf7 Rh3+ 76. Kb2 b6 77. Rf5+ c5 78. Rf6 a4 79. Rg6 c4 80. Rf6 Ka5 81. Rf8 b5 82. Ka1 Kb4 83. Rf2 a3 84. Rg2 Kb3 85. Rg1 b4 86.
Rb1+ Ka4 87. Rc1 c3 88. Rg1 Rh2 89. Kb1 Kb3 90. Ka1 Ra2+ 91. Kb1 c2+ 92. Kc1 Ra1+ 93.
Kd2 Rxg1 0-1

[Event "*** Titled Tuesday Blitz"]
[Site "Chess.com"]
[Date "2019.06.04"]
[Round "10"]
[White "Rhinos1"]
[Black "TonRicher"]
[Result "0-1"]
[WhiteElo "2064"]
[BlackElo "2339"]
[TimeControl "180+2"]
[EndTime "15:22:45 PDT"]
[Termination "TonRicher won by resignation"]

1. e4 e5 2. Nf3 Nc6 3. Bc4 Nf6 4. Ng5 d5 5. exd5 Na5 6. Bb5+ c6 7. dxc6 bxc6 8.
Qf3 Rb8 9. Bxc6+ Nxc6 10. Qxc6+ Nd7 11. d3 Be7 12. Nxf7 Kxf7 13. Qd5+ Ke8 14. O-O Bb7 15. Qe6 Qb6 16. Qg4 Qg6 17. Qxg6+ hxg6 18. Nc3 Rc8 19. Be3 a6 20. Rfe1 Kf7 21. h3 Nf6 22. Bg5 Bd6 23. Re2 Rc7 24. Rae1 Rhc8 25. Be3 Nd5 26.
Nxd5 Bxd5 27. c4 Be6 28. b3 Rd7 29. d4 Bb4 30. Rd1 exd4 31. Rxd4 Rxd4 32. Bxd4 Rd8 33. Be3 Bf5 34. Bg5 Rd1+ 35. Kh2 Bd6+ 36. g3 Bd7 37. Rd2 Rxd2 38. Bxd2 Bf5 39. b4 Bd3 40. c5 Bc7 41. Kg2 Be4+ 42. f3 Bd5 43. a3 Ke6 44. Kf2 Bc4 45. f4 Bd8 46. Ke3 Kd5 47. g4 Bf6 48. Bc1 Bd4+ 49. Kf3 Bd3 50. h4 Be4+ 51. Ke2 Kc4 52. h5 gxh5 53. gxh5 Kb3 54. f5 Bxf5 55. c6 Be5 56. Kf3 Kc4 57. Bf4 Kd5 58. Bxe5 Kxe5 59. c7 Kd6 60. Kf4 Bh3 61. Kg5 Kxc7 62. Kg6 Bg4 63. Kxg7 Bxh5 64. Kf6 Kd6 65. Kf5 Kd5 66. Kf4 Kd4 67. Kf5 Kc4 68. Ke5 Kb3 69. Kd5 Kxa3 70. Kc5 Be2 71. Kd4 Kxb4 72. Ke3 Bh5 73. Kd2 Kb3 74. Kc1 Bg6 75.
Kd2 a5 76. Kc1 a4 77. Kd2 a3 78. Kc1 a2 0-1

[Event "*** Titled Tuesday Blitz"]
[Site "Chess.com"]
[Date "2019.06.04"]
[Round "10"]
[White "Durarbayli"]
[Black "Semen_Khanin"]
[Result "1/2-1/2"]
[WhiteElo "2765"]
[BlackElo "2726"]
[TimeControl "180+2"]
[EndTime "15:23:13 PDT"]
[Termination "Game drawn - insufficient material"]

1. e4 c5 2. Nc3 Nc6 3. Nf3 e6 4. d4 cxd4 5. Nxd4 Qc7 6. Be3 a6 7. Qf3 Nf6 8. O-O-O h5 9. Qg3 Qxg3 10. hxg3 Ng4 11.
Be2 Nxe3 12. fxe3 g6 13. Nxc6 dxc6 14. g4 Bh6 15. gxh5 Bxe3+ 16. Kb1 gxh5 17. Bxh5 Ke7 18.
e5 Bf4 19. Rdf1 Bxe5 20. Rxf7+ Kd6 21. Rd1+ Kc5 22. Ne4+ Kb6 23. Bf3 a5 24. a4 Ka7 25.
Nc5 Kb8 26. Rdd7 Ra7 27. Bxc6 Bxd7 28. Nxd7+ Kc7 29. Nxe5+ Kd6 30. Ng6 Rh1+ 31. Ka2 Kxc6 32. g4 Ra8 33. g5 Rg1 34. Ne7+ Kd6 35. Rg7 Re8 36. Ng8 Rc8 37. c3 Rc4 38. Kb3 Rcg4 39. Nf6 R4g2 40. Rxb7 Rb1 41. Ka2 Re1 42. Rb5 Ree2 43.
Ka3 e5 44. b4 axb4+ 45. Kxb4 Rxg5 46. c4 Rg1 47. Rb6+ Kc7 48. Nd5+ Kd7 49. Kc5 Ke8 50. a5 Ra1 51. a6 Rea2 52. Rb8+ Kf7 53. Rb7+ Kg6 54. Nb4 Ra5+ 55. Kd6 e4 56. c5 e3 57. Re7 R1a4 58. Re6+ Kg5 59. Re5+ Kg4 60. Nd5 Rxa6+ 61. c6 Ra3 62. Nxe3+ Kf4 63. Nd5+ Kg4 64. Re4+ Kf5 65. Rf4+ Kg5 66. Rc4 Rd3 67. Ke5 Ra5 68. Rd4 Rxd4 69. Kxd4 Ra6 70. c7 Rc6 71. Ke5 Kg4 72. Ke4 Kg3 73. Ke3 Kg2 74. Ke2 Kg1 75. Ke1 Rc5 76.
Ke2 Kh2 77. Kf2 Kh3 78. Kf3 Kh4 79. Kf4 Kh5 80. Ke5 Rc6 81. Nf4+ Kg4 82. Ne6 Rxc7 83. Nxc7 1/2-1/2

[Event "*** Titled Tuesday Blitz"]
[Site "Chess.com"]
[Date "2019.06.04"]
[Round "10"]
[White "Filip_Covic"]
[Black "jk13"]
[Result "0-1"]
[WhiteElo "2374"]
[BlackElo "2545"]
[TimeControl "180+2"]
[EndTime "15:23:16 PDT"]
[Termination "jk13 won by resignation"]

1. d4 Nf6 2. Nf3 e6 3. Bf4 d5 4. e3 Bd6 5. Bg3 O-O 6. Bd3 b6 7. c3 Ba6 8. Bxa6 Nxa6 9. O-O c5 10. Ne5 Nb8 11. f4 Ne4 12. Be1 f6 13. Nd3 Nc6 14. Nd2 Nxd2 15. Bxd2 f5 16. b4 c4 17. Ne5 Bxe5 18.
fxe5 g5 19. Qh5 Qe7 20. e4 f4 21.
exd5 exd5 22. h4 Rf5 23. g4 Rf7 24. Qxg5+ Qxg5 25. hxg5 Raf8 26. Rf3 Nd8 27. Raf1 Ne6 28. Kg2 Kg7 29. a4 Kg6 30. Bc1 Kxg5 31. Rh1 Kxg4 32. Rfh3 Ng5 33. Rh4+ Kf5 34. Rxf4+ Kg6 35. Rxf7 Nxf7 36.
Rf1 Re8 37. Rf6+ Kg7 38. Kf3 Nd8 39. Bh6+ Kg8 40. e6 Nxe6 41. Kg4 Ng7 42. Rc6 Re4+ 43.
Kg5 Re7 44. Rd6 Ne8 45. Rxd5 Nc7 46. Rd8+ Kf7 47. d5 Re5+ 48. Kf4 Rxd5 49. Rc8 Ne6+ 50. Ke4 Rd7 51. Be3 Rc7 52. Rh8 Kg6 53. Re8 Kf7 54. Rh8 Kg6 55. Kd5 Ng7 56. Kd6 Rf7 57. Kd5 Nf5 58. Rg8+ Rg7 59. Rxg7+ Kxg7 60. Bf4 Kf6 61. Kxc4 Ke6 62. Kb5 Kd7 63. Ka6 Kc6 64. Kxa7 h5 65. c4 h4 66. a5 bxa5 67. bxa5 h3 68. Kb8 Nd4 69. a6 Kb6 70. a7 Nc6+ 71. Ka8 Nxa7 72. c5+ Ka6 73. Bb8 Nc6 74. Bh2 Kb5 75. Kb7 Kxc5 76.
Kc7 Kd5 77. Kd7 Ne5+ 78. Ke7 Ng4 79. Bg3 Ke4 80. Ke6 Kf3 81. Bd6 Ne3 82. Kf6 Nf1 83.
Kg5 Ng3 0-1

[Event "*** Titled Tuesday Blitz"]
[Site "Chess.com"]
[Date "2019.06.04"]
[Round "10"]
[White "enriquetejedor"]
[Black "ChessWarrior7197"]
[Result "1/2-1/2"]
[WhiteElo "2568"]
[BlackElo "2810"]
[TimeControl "180+2"]
[EndTime "15:25:08 PDT"]
[Termination "Game drawn by 50-move rule"]

1. e4 g6 2. d4 Nf6 3. e5 Nh5 4. h4 d6 5. exd6 Qxd6 6. Nc3 a6 7. Nf3 Nf6 8. g3 Bg4 9. Bg2 Nc6 10. Be3 Bg7 11. O-O O-O 12. Ne2 Nd5 13. c3 Nxe3 14. fxe3 e5 15. Kh2 e4 16. Nd2 f5 17. Qb3+ Kh8 18. Nf4 b5 19. a4 b4 20. c4 a5 21.
c5 Qf6 22. Qe6 Ne7 23. Nc4 Ra6 24.
Qxf6 Bxf6 25. Bh3 Bxh3 26. Kxh3 h5 27. Nxg6+ Nxg6 28. Rxf5 Kg7 29. Rxh5 Be7 30. Kg2 Raf6 31. Nxa5 Rf2+ 32. Kh3 Rxb2 33. Nc4 Re2 34. a5 b3 35. a6 Ra8 36. Rd5 b2 37. Rb1 Rxa6 38. Rxb2 Rxb2 39. Nxb2 Ra3 40. Nc4 Rc3 41. Ne5 Rxe3 42.
Rd7 Nxe5 43. Rxe7+ Nf7 44. Rxc7 Rd3 45. Rd7 e3 46. c6 Kf6 47. c7 Rc3 48. Kg2 Rc2+ 49. Kf3 e2 50. Kf2 Ke6 51. Rd8 Rxc7 52. Re8+ Kf5 53.
Rxe2 Rc4 54. Kg2 Rxd4 55. Rf2+ Kg6 56. Kh3 Nd6 57. Ra2 Rd5 58. Ra6 Kf5 59. Ra8 Ne4 60. Ra3 Rd2 61. Rf3+ Kg6 62. g4 Nf6 63. h5+ Kg7 64.
Kh4 Rd4 65. Rg3 Kh6 66. Rf3 Nxg4 67. Kg3 Kxh5 68. Rf5+ Kg6 69. Ra5 Ne3 70. Rb5 Nf5+ 71. Kf2 Kg5 72. Rb3 Kf4 73. Rf3+ Ke4 74. Ra3 Rd2+ 75.
Ke1 Rg2 76. Ra8 Nd4 77. Ra3 Rh2 78. Kf1 Kf4 79. Rc3 Ra2 80. Rd3 Ke4 81. Rc3 Nf5 82.
Ke1 Rb2 83. Ra3 Nd4 84. Rh3 Kf4 85. Rd3 Ke4 86. Rh3 Nf3+ 87. Kd1 Ke3 88. Rh8 Rg2 89. Rd8 Nd4 90. Kc1 Kd3 91. Kb1 Rd2 92. Rc8 Nb5 93. Rd8+ Nd4 94. Rc8 Rf2 95. Rc7 Nb5 96.
Rd7+ Kc3 97. Kc1 Rf1+ 98. Rd1 Rf8 99. Rh1 Rf3 100. Kd1 Kd3 101. Kc1 Nd4 102. Kb2 Rf2+ 103. Ka3 Kc3 104. Rc1+ Nc2+ 105. Ka4 Rf5 106. Rh1 Kc4 107. Rh4+ Nd4 108. Rh8 Ne6 109. Ka3 Rf3+ 110. Kb2 Nc5 111. Rh4+ Kd3 112. Rh2 Rf4 113. Rh3+ Kc4 114. Rh2 Nd3+ 115. Kc2 Rd4 116. Rd2 Nb4+ 117. Kd1 Re4 1/2-1/2

[Event "*** Titled Tuesday Blitz"]
[Site "Chess.com"]
[Date "2019.06.04"]
[Round "10"]
[White "SaraciNderim"]
[Black "GMKrikor"]
[Result "1/2-1/2"]
[WhiteElo "2855"]
[BlackElo "2719"]
[TimeControl "180+2"]
[EndTime "15:28:45 PDT"]
[Termination "Game drawn by 50-move rule"]

1. b3 Nf6 2. Bb2 c5 3. Nf3 Nc6 4. e3 g6 5. d4 cxd4 6. Nxd4 Bg7 7. Be2 O-O 8. c4 d5 9. O-O Nxd4 10. Bxd4 dxc4 11.
Bxc4 a6 12. Be2 Qc7 13. Qc1 Nd5 14. Bxg7 Kxg7 15. Qb2+ Kg8 16. Rc1 Qb6 17. Bf3 Be6 18.
Nc3 Nxc3 19. Qxc3 Rac8 20. Qe5 Qb4 21. h4 a5 22. h5 Qd6 23. Qxd6 exd6 24. hxg6 hxg6 25.
Bxb7 Rxc1+ 26. Rxc1 Kg7 27. Rc7 Kf6 28. Be4 Rb8 29. Bd3 a4 30. bxa4 Bxa2 31. a5 Bd5 32. a6 Rb3 33. Be2 Rb2 34. Bg4 Rb1+ 35. Kh2 Rb2 36.
Kg3 Ra2 37. a7 Ke5 38. Bd7 f5 39. Be8 g5 40. f4+ gxf4+ 41. exf4+ Kd4 42. Bc6 Rxg2+ 43. Kh4 Ra2 44. a8=Q Rxa8 45. Bxa8 Bxa8 46. Kg5 Be4 47. Rd7 d5 48. Kf6 Kd3 49. Ke5 Ke3 50. Rd6 Kf3 51.
Rd8 Ke3 52. Rd7 Kf3 53. Ra7 Kg3 54. Ra3+ Kg4 55. Ra1 Kg3 56. Rf1 Kg2 57. Rc1 Kg3 58. Rc3+ Kg4 59. Re3 Bh1 60. Rb3 Be4 61. Ra3 Bh1 62.
Ra8 Be4 63. Rh8 Kg3 64. Rf8 Kg4 65. Rg8+ Kf3 66. Rg5 Kf2 67. Rg7 Kf3 68. Rb7 Kg3 69.
Rb3+ Kg4 70. Ra3 Bh1 71. Kd4 Kxf4 72. Ra1 Be4 73. Rf1+ Kg3 74. Ke3 Kg4 75. Rg1+ Kh5 76. Kf4 d4 77. Rg5+ Kh6 78. Rg3 d3 79. Ke3 Kh5 80. Rg1 Kh6 81. Kf4 Kh5 82. Rf1 Kh6 83.
Rf2 Kh5 84. Rf1 Kh6 85. Rg1 Kh5 86. Ke5 Kh4 87. Kf4 Kh3 88. Ke3 Kh2 89. Kf2 Kh3 90.
Rg3+ Kh4 91. Rg8 f4 92. Rg1 Kh5 93. Re1 Bg6 94. Kf3 Kg5 95. Re5+ Bf5 96. Rd5 Kf6 97.
Kxf4 Bg6 98. Rd6+ Kf7 99. Ke5 d2 100. Rxd2 Kg7 101. Rf2 Bh7 102. Ke6 Bg8+ 103. Ke7 Bh7 104. Rg2+ Kh8 105. Kf6 Bg8 106. Kg5 Bh7 107. Rf2 Bg8 108. Rb2 Bh7 109. Rb7 Bg8 110. Kg6 Bc4 111. Rh7+ Kg8 112. Rh4 Bd3+ 113. Kf6 Bh7 114. Rh2 Kh8 115. Kg5 Kg7 116. Rd2 Kh8 117. Rd7 Bg8 118. Kg6 Bb3 119. Rd4 Ba2 120. Rh4+ Kg8 121. Rh1 Bc4 122. Kh6 Kh8 123. Kg6+ Kg8 124. Rc1 Bd3+ 125. Kh6 Kf7 126. Kg5 Be4 127. Kf4 Bd3 128. Ke5 Kg7 129. Rc3 Bh7 130. Ke6 Bg8+ 131. Ke7 Bh7 132. Rg3+ Kh8 133. Kf7 Bb1 134. Kf6 Be4 135. Kg5 Bh7 136. Kh6 Bg8 137. Rc3 Ba2 138. Rc7 Bg8 139. Kg6 Bb3 140. Rc3 Bd5 141. Rh3+ Kg8 142. Rh4 Bb3 143. Rb4 Bc2+ 144. Kf6 Kh8 145. Rb8+ Kh7 146. Rb7+ Kh8 147. Rb8+ Kh7 148. Rb2 Bd3 149. Rd2 Be4 150. Rd4 1/2-1/2